 Dungeon Crawl Stone Soup version 0.25.0-33-gff14898491 (webtiles) character file.

Game seed: 17816761110561793598

67 Aviak the Chiller (level 4, 33/33 HPs)
             Began as a Demonspawn Ice Elementalist on July 7, 2020.
             Quit the game on level 2 of the Dungeon.
             The game lasted 00:02:24 (1934 turns).

Aviak the Chiller (Demonspawn Ice Elementalist)     Turns: 1934, Time: 00:02:25

Health: 33/33      AC:  3    Str:  9    XL:     4   Next: 0%
Magic:  8/8        EV: 12    Int: 17    God:
Gold:   64         SH:  0    Dex: 19    Spells: 4/8 levels left

rFire    . . .     SeeInvis .   o - +0 spear (venom)
rCold    . . .     Gourm    .   (no shield)
rNeg     . . .     Faith    .   b - +0 leather armour (curse)
rPois    .         Spirit   +   (no helmet)
rElec    .         Reflect  .   (no cloak)
rCorr    .         Harm     .   (no gloves)
MR       .....                  (no boots)
Stlth    ++........             (no amulet)
HPRegen  0.11/turn              i - +6 ring of dexterity
MPRegen  0.11/turn              (no ring)

@: no status effects
A: claws 1, magic shield
a: no special abilities


You were on level 2 of the Dungeon.
You were hungry.

You visited 1 branch of the dungeon, and saw 2 of its levels.

You collected 64 gold pieces.

Inventory:

Hand Weapons
 f - a +0 dagger
 o - a +0 spear of venom (weapon)
Armour
 a - a +0 robe
 b - a cursed +0 leather armour (worn)
Jewellery
 i - a +6 ring of dexterity (left claw)
Scrolls
 d - a scroll of blinking {unknown}
 g - 2 scrolls of teleportation {unknown}
 h - 2 scrolls of remove curse {unknown}
 j - a scroll of fear {unknown}
 k - 3 scrolls of enchant weapon {unknown}
 n - a scroll of fog {unknown}
 p - a scroll of random uselessness {unknown}
 q - a scroll of magic mapping {unknown}
Potions
 e - a potion of might {unknown}
 l - a potion of haste {unknown}
 m - a potion of berserk rage {unknown}
Comestibles
 c - 2 rations


   Skills:
 + Level 1.9 Fighting
 - Level 1.7 Dodging
 - Level 1.7 Stealth
 + Level 2.7 Spellcasting
 + Level 4.1 Ice Magic


You had 4 spell levels left.
You knew the following spells:

 Your Spells              Type           Power        Failure   Level  Hunger
a - Freeze                Ice            ###.         4%          1    #......
b - Frozen Ramparts       Ice            ###...       14%         3    ###....

Your spell library contained the following spells:

 Spells                   Type           Power        Failure   Level  Hunger
 Ozocubu's Armour         Chrm/Ice       #.......     32%         3    ###....
 Hailstorm                Conj/Ice       #.......     71%         4    #####..
 Summon Ice Beast         Ice/Summ       #.......     71%         4    #####..


Dungeon Overview and Level Annotations

Branches:
Dungeon (2/15)

Altars:
Hepliaklqana


Innate Abilities, Weirdness & Mutations

You have sharp fingernails.
When hurt, damage is shared between your health and your magic reserves.


Message History

You miss the adder.
The adder is moderately wounded.
The adder is no longer moving slowly.
The wall freezes the adder.
The adder barely misses you.
You hit the adder.
The adder is poisoned.
The adder is almost dead.
You kill the adder!
The wall freezes the hobgoblin.
The hobgoblin hits you but does no damage.
You completely miss the hobgoblin.
The hobgoblin is heavily wounded.
The wall freezes the hobgoblin.
You kill the hobgoblin!
You have reached level 4!
You feel stronger.
Your demonic ancestry asserts itself...
You feel your magical essence form a protective shroud around your flesh.
The frozen ramparts melt away.
Found a stone staircase leading up.
You see here an adder corpse.
Are you sure you want to abandon this character and quit the game? (Confirm with "yes".)

...)....#
........##
.........#######
.........'.....#
#
.........#####.#
.# .........#
#.##.# #
.........#
#†...# ..<
.........#
#..###....#
.........#
#.)@.......
.........#
#...!.....#
.........#
#..........
.........#
#...#....#.
.#########
#...#.#..# .#
##..#.#.... .#
...# # ### .#
#..# .


There were no monsters in sight!

Vanquished Creatures
  2 adders (D:2)
  A dart slug (D:1)
  2 bats
  4 giant cockroaches
  4 goblins
  7 hobgoblins
  6 jackals
  4 kobolds
  2 quokkas (D:2)
  5 frilled lizards
  7 rats
44 creatures vanquished.

Notes
Turn   | Place    | Note
-------+----------+-------------------------------------------
     0 | D:1      | Aviak the Demonspawn Ice Elementalist began the quest for
                  | the Orb.
     0 | D:1      | Reached XP level 1. HP: 13/13 MP: 3/3
   267 | D:1      | Gained mutation: You have sharp fingernails. [demonic
                  | ancestry]
   267 | D:1      | Reached XP level 2. HP: 20/20 MP: 5/5
   440 | D:1      | Reached skill level 1 in Fighting
  1191 | D:1      | Reached XP level 3. HP: 26/26 MP: 3/6
  1262 | D:1      | Reached skill level 4 in Ice Magic
  1730 | D:2      | Learned a level 3 spell: Frozen Ramparts
  1861 | D:2      | Found a hazy altar of Hepliaklqana.
  1901 | D:2      | Gained mutation: When hurt, damage is shared between your
                  | health and your magic reserves. [demonic ancestry]
  1901 | D:2      | Reached XP level 4. HP: 32/33 MP: 4/8
  1934 | D:2      | Quit the game

Illustrated notes

Levels and vault maps discovered:
D:1:      dpeg_arrival_line_fractal, layout_loops_ring
D:2:      layout_basic, marbit_many_paths, gammafunk_temple_overflow_statue

Skill      XL: |  1  2  3 |
---------------+----------+-----
Fighting       | 1 |  1.9
Ice Magic      | 4 |  4.1
Dodging        | |  1.7
Stealth        | |  1.7
Spellcasting   | |  2.7

Action                   |  1- 3 |  4- 6 || total
-------------------------+-------+-------++-------
Melee: Unarmed           |     3 |       ||     3
       Dagger            |    63 |       ||    63
       Spear             |    23 |       ||    23
 Cast: Freeze            |    37 |       ||    37
       Frozen Ramparts   |     1 |       ||     1
 Stab: Sleeping          |     7 |       ||     7
  Eat: Chunk             |     3 |       ||     3
Armor: Leather armour    |    20 |       ||    20
Dodge: Dodged            |    74 |       ||    74
